 Seeded DCSS version 0.29-a0-1023-g6ae1a4a2c7 (webtiles) character file.

Game seed: 6155037152212704371 (custom seed)

686 mathmaestro the Purveyor of Pain (level 7, -3/52 HPs)
             Began as a Demonspawn Necromancer on Aug 11, 2022.
             Was an Initiate of Kikubaaqudgha.
             Slain by an ice beast (12 damage)
             ... on level 5 of the Dungeon.
             The game lasted 00:07:24 (4640 turns).

mathmaestro the Purveyor of Pain (DsNe)             Turns: 4640, Time: 00:07:26

Health: -3/52      AC:  6    Str:  8    XL:     7   Next: 35%
Magic:  0/12       EV: 11    Int: 18    God:    Kikubaaqudgha [......]
Gold:   157        SH:  5    Dex: 14    Spells: 5/13 levels left

rFire   . . .      SeeInvis .   y - +1 short sword (vamp)
rCold   . . .      Faith    .   j - +0 buckler
rNeg    . . .      Spirit   +   u - +0 leather armour
rPois   .          Reflect  .   (no helmet)
rElec   .          Harm     .   d - +0 cloak
rCorr   .          Rampage  .   z - +0 pair of gloves
Will    .....                   v - +0 pair of boots
Stlth   ++........              (no amulet)
HPRegen 0.17/turn               (no ring)
MPRegen 0.26/turn               (no ring)

@: no status effects
A: magic shield, magic regeneration, sturdy frame 1
a: Renounce Religion


You were on level 5 of the Dungeon.
You worshipped Kikubaaqudgha.
Kikubaaqudgha was noncommittal.
You visited 2 branches of the dungeon, and saw 6 of its levels.

You collected 193 gold pieces.
You spent 36 gold pieces at shops.

Inventory:

Hand Weapons
 g - a +0 hand axe
 s - a +0 dagger of distortion
 y - a +1 vampiric short sword (weapon)
Armour
 d - a +0 cloak (worn)
 j - a +0 buckler (worn)
 u - a +0 leather armour (worn)
 v - a +0 pair of boots (worn)
 z - a +0 pair of gloves (worn)
Wands
 A - a wand of mindburst (14)
Scrolls
 a - a scroll of enchant weapon {unknown}
 e - a scroll of teleportation {unknown}
 i - a scroll of vulnerability {unknown}
 k - 2 scrolls of silence {unknown}
 l - a scroll of poison {unknown}
 m - 2 scrolls of magic mapping {unknown}
 n - a scroll of fear {unknown}
 o - a scroll of identify {unknown}
 q - a scroll of amnesia {unknown}
 x - a scroll of butterflies {unknown}
Potions
 b - 2 potions of magic
 c - a potion of mutation {unknown}
 f - a potion of degeneration {unknown}
 h - a potion of attraction {unknown}
 p - 3 potions of haste {unknown}
 r - a potion of brilliance {unknown}
 t - 2 potions of curing
 w - a potion of berserk rage {unknown}


   Skills:
 + Level 3.3 Fighting
 + Level 2.8 Armour
 - Level 2.0 Dodging
 - Level 2.0 Stealth
 + Level 3.0 Shields
 + Level 3.8 Spellcasting
 + Level 5.9 Necromancy


You had 5 spell levels left.
You knew the following spells:

 Your Spells              Type           Power      Damage    Failure   Level
a - Necrotise             Necr           96%        1d8       1%          1
b - Vampiric Draining     Necr           24%        2d7       5%          3
c - Animate Dead          Necr           24%        N/A       19%         4

Your spell library contained the following spells:

 Spells                   Type           Power      Damage    Failure   Level
 Magic Dart               Conj           12%        1d3       22%         1
 Summon Small Mammal      Summ           12%        N/A       22%         1
 Call Imp                 Summ           3%         N/A       32%         2
 Agony                    Necr           24%        N/A       45%         5
 Call Canine Familiar     Summ           3%         N/A       54%         3
 Ignite Poison            Fire/Tmut/Pois 3%         N/A       54%         3
 Mephitic Cloud           Conj/Pois/Air  3%         N/A       54%         3
 Summon Guardian Golem    Hex/Summ       3%         N/A       54%         3
 Freezing Cloud           Conj/Ice/Air   1%         6-21      99%         5


Dungeon Overview and Level Annotations

Branches:
Dungeon (5/15)             Temple (1/1) D:5

Altars:
Ashenzari
Dithmenos
Fedhas
Gozag
Hepliaklqana
Kikubaaqudgha
Makhleb
Nemelex Xobeh
Okawaru
Qazlal
Sif Muna
Trog
Uskayaw
Wu Jian
Xom
Yredelemnul

Shops:
D:3 !   D:4 :


Innate Abilities, Weirdness & Mutations

When hurt, damage is shared between your health and your magic reserves.
You regenerate magic rapidly.
Your movements are slightly less encumbered by armour. (ER -2)


Message History

The ice beast hits you but does no damage.
Casting: Necrotise (safe; 1% risk of failure)
Confirm with . or Enter, or press ? or * to list all spells.
Aiming: Necrotise (safe; 1% risk of failure)
Press: ? - help, Shift-Dir - straight line, f/p - ice beast
Aim: an ice beast (moderately wounded, chance to affect: 83%)
The ice beast barely resists.
The ice beast closely misses you.
You hit the ice beast.
You feel better.
The ice beast is heavily wounded.
The ice beast hits you. The ice beast freezes you.
You hit the ice beast.
The ice beast is heavily wounded.
The ice beast barely misses you.
You hit the ice beast but do no damage.
The ice beast is heavily wounded.
The ice beast hits you but does no damage.
You closely miss the ice beast.
The ice beast is heavily wounded.
The ice beast barely misses you. x2
You hit the ice beast.
You feel better.
The ice beast is heavily wounded.
The ice beast hits you. The ice beast freezes you!
* * * LOW HITPOINT WARNING * * *
Casting: Necrotise (safe; 1% risk of failure)
Confirm with . or Enter, or press ? or * to list all spells.
Aiming: Necrotise (safe; 1% risk of failure)
Press: ? - help, Shift-Dir - straight line, f/p - ice beast
Aim: an ice beast (heavily wounded, chance to affect: 83%)
The ice beast writhes in agony.
You block the ice beast's attack.
You hit the ice beast but do no damage.
The ice beast is severely wounded.
The ice beast hits you but does no damage.
Aiming: Mindburst
Press: ? - help, Shift-Dir - straight line, f/p - ice beast
Aim: an ice beast (severely wounded, chance to affect: 64%)
The ice beast struggles to resist.
The ice beast hits you.
* * * LOW HITPOINT WARNING * * *
The ice beast freezes you!
You die...
Kikubaaqudgha rasps: "You have failed me!
Welcome... death!"

# #.######..# #
#.# ####..# ### ##
#.###.....######..
.#
#.##..............
.#
#.##..##..######..
.#
#.##..##..........
)#
#.##......######.#
.# .# #Y##..###.#
#.# .# .#
#@........# #.# .#
.#
####..##########.#
.# ##.
#.............# .#
#..
#..############ .#
#.# #..######### #
.# #.#
#........... .. .#
#<# ##.#.###### #.
.# #.# #.#.#
#####. .# #.#
#######.#.###
#.....


You could see an ice beast.

Vanquished Creatures
  Sigmund (D:3)
  A phantom (D:5)
  A bullfrog (D:4)
  2 scorpions (D:4)
  A howler monkey (D:4)
  A jelly (D:5)
  An iguana (D:5)
  2 orc wizards (D:4)
  4 adders
  A dart slug (D:4)
  12 orcs
  5 ball pythons
  A bat (D:2)
  3 endoplasms
  A giant cockroach (D:1)
  5 goblins
  4 hobgoblins
  5 quokkas
  7 kobolds
  3 rats
61 creatures vanquished.

Vanquished Creatures (collateral kills)
  An orc wizard (D:4)
  An orc (D:4)
2 creatures vanquished.

Vanquished Creatures (others)
  33 plants (D:4)
33 creatures vanquished.

Grand Total: 96 creatures vanquished

Notes
Turn   | Place    | Note
-------+----------+-------------------------------------------
     0 | D:1      | mathmaestro the Demonspawn Necromancer began the quest for
                  | the Orb.
     0 | D:1      | Reached XP level 1. HP: 13/13 MP: 3/3
   564 | D:1      | Gained mutation: You regenerate magic rapidly. [demonic
                  | ancestry]
   564 | D:1      | Reached XP level 2. HP: 16/20 MP: 5/5
  1394 | D:2      | Reached skill level 1 in Fighting
  1687 | D:3      | Found Zojekus's Distillery.
  1716 | D:3      | Bought a potion of curing for 36 gold pieces
  1759 | D:3      | Found a faded altar of an unknown god.
  1793 | D:3      | Identified the +0 pair of boots of the Flute {Harm *Corrode
                  | rElec Regen+}
  1901 | D:3      | Noticed Sigmund
  1921 | D:3      | Killed Sigmund
  1922 | D:3      | Reached skill level 1 in Armour
  1922 | D:3      | Reached skill level 1 in Shields
  1922 | D:3      | Reached skill level 5 in Necromancy
  1922 | D:3      | Reached XP level 3. HP: 17/27 MP: 2/7
  1922 | D:3      | Gained mutation: Your movements are slightly less
                  | encumbered by armour. (ER -2) [demonic ancestry]
  1922 | D:3      | Reached XP level 4. HP: 20/33 MP: 2/8
  1922 | D:3      | Reached XP level 5. HP: 23/38 MP: 2/9
  2043 | D:3      | Learned a level 3 spell: Vampiric Draining
  2048 | D:3      | Learned a level 4 spell: Animate Dead
  2640 | D:4      | Gained mutation: When hurt, damage is shared between your
                  | health and your magic reserves. [demonic ancestry]
  2640 | D:4      | Reached XP level 6. HP: 42/46 MP: 6/10
  2675 | D:4      | Found Ytylop's Book Emporium.
  3418 | D:4      | Reached XP level 7. HP: 41/52 MP: 9/12
  3669 | D:5      | Entered Level 5 of the Dungeon
  3747 | D:5      | Found a staircase to the Ecumenical Temple.
  3804 | Temple   | Entered the Ecumenical Temple
  4012 | Temple   | Became a worshipper of Kikubaaqudgha
  4640 | D:5      | Slain by an ice beast

Illustrated notes

Levels and vault maps discovered:
D:1:      amcnicky_arrival_underground_garden, layout_loops_ring
D:2:      layout_loops_cross
D:3:      minmay_spotlight, layout_basic,
          shapermc_ecumenical_altar_starsandcircs, serial_shops, shop,
          uniq_sigmund
D:4:      layout_basic, serial_shops, shop, serial_bayou_lagoon_a,
          grunt_ministairs_1, minmay_misc_feat_tiny
D:5:      layout_loops_ring, temple_pool_b
Temple:   minmay_crystal_spiral_temple

Skill      XL: |  1  2  3  4  5  6  7 |
---------------+----------------------+-----
Stealth        | 2 |  2.0
Dodging        | 2 |  2.0
Fighting       | 2 3 |  3.3
Armour         | 1 2 |  2.8
Shields        | 1 2 3 |  3.0
Necromancy     | 5 |  5.9
Spellcasting   | 3 |  3.8

Action                   |  1- 3 |  4- 6 |  7- 9 || total
-------------------------+-------+-------+-------++-------
Melee: Dagger            |    36 |    44 |       ||    80
       Whip              |     1 |       |       ||     1
       Short sword       |       |    19 |    60 ||    79
 Cast: Necrotise         |    18 |    51 |     9 ||    78
       Vampiric Draining |       |       |     6 ||     6
Evoke: Wand              |       |       |     1 ||     1
 Stab: Sleeping          |     2 |       |       ||     2
Armor: Robe              |     7 |       |       ||     7
       Leather armour    |     4 |    28 |    17 ||    49
Dodge: Dodged            |    14 |    41 |    25 ||    80
Block: Buckler           |     1 |    19 |    12 ||    32

Table legend: (Time is in decaauts)
 A = Elapsed time spent in this place.
 B = Non-inter-level travel time spent in this place.
 C = Inter-level travel time spent in this place.
 D = Time resting spent in this place.
 E = Time spent auto-exploring this place.
 F = Levels seen in this place.
 G = Mean time per level.
                   A        B        C        D        E       F      G
               +--------+--------+--------+--------+--------+-----+--------+
         Total |   4662 |   4431 |    231 |   1082 |   2487 |   6 |  777.0 |
       Dungeon |   4405 |   4259 |    146 |   1082 |   2332 |   5 |  881.0 |
        Temple |    256 |    171 |     85 |      0 |    155 |   1 |  256.0 |
               +--------+--------+--------+--------+--------+-----+--------+

Top non-repeatable levels by time:
     D:4: 1361 daAuts
     D:1: 976 daAuts
     D:3: 917 daAuts
     D:5: 648 daAuts
     D:2: 502 daAuts
  Temple: 256 daAuts
